[Event "Prague Festival Open 2022"]
[Site "Prague"]
[Date "2022.06.13"]
[Round "5.9"]
[White "Czerw, Dawid"]
[Black "Popovic, Dusan"]
[Result "1/2-1/2"]
[ECO "B52"]
[WhiteElo "2386"]
[BlackElo "2480"]
[Annotator "TA"]
[PlyCount "179"]
[EventDate "2022.06.10"]
[EventType "swiss"]
[EventCountry "CZE"]
[SourceTitle "playchess.com"]
[Source "ChessBase"]
[SourceQuality "1"]
[TimeControl "40/5400+30:1800+30"]

1. e4 c5 2. Nf3 d6 3. Bb5+ Bd7 4. c4 Nf6 5. Nc3 g6 6. d4 {[%emt 0:00:42] B52: Sicilian: Moscow Variation with 3...Bd7.} cxd4 7. Nxd4 Bg7 8. O-O {[%emt 0:01:13] White has an edge.} O-O 9. h3 a6 10. Bxd7 Qxd7 11. Be3 Nc6 12. a4 e6 13. Rc1 Rfd8 {[%emt 0:04:28] [#]} 14. Nf3 $146 ({Predecessor:} 14. b3 Rac8 15. Re1 d5 16. cxd5 exd5 17. Nxc6 bxc6 18. exd5 Nxd5 19. Nxd5 cxd5 20. Rxc8 Qxc8 {½-½ (42) Carlsen,M (2847)-So,W (2770) chess24.com INT 2021}) 14... Qc7 15. Re1 Nd7 16. Bg5 Re8 17. Bf4 Nde5 18. Nxe5 (18. b3 $1 $11 {remains equal.}) 18... dxe5 $17 19. Be3 Red8 {[%emt 0:09:18] Inhibits Nd5.} 20. Qb3 Nd4 21. Qa2 Rac8 22. Ne2 Bf8 {[%emt 0:02:04] White must now prevent ...Bb4.} 23. Nxd4 exd4 24. Bd2 d3 25. a5 Bd6 26. b3 Bf4 27. Rcd1 Rd4 28. Bxf4 Qxf4 29. Qd2 Qd6 30. Re3 Rd8 31. e5 Qc6 32. Qc3 d2 33. Qb4 Qc7 34. Re2 Qd7 35. Kf1 Rd3 36. Re4 {[%emt 0:02:49] Against Qd4} Rxh3 37. Rxd2 $2 (37. gxh3 $11 Qd3+ 38. Re2) 37... Rd3 $19 (37... Qxd2 38. Qxd2 Rxd2 39. gxh3 $17) 38. Rxd3 Qxd3+ {[%emt 0:00:06][%mdl 4096] Endgame KQR-KQR} 39. Re2 Qb1+ $1 40. Re1 Rd1 41. g3 Rxe1+ 42. Qxe1 Qxb3 {[%emt 0:00:28] KQ-KQ} 43. Qe4 Qd1+ (43... Qb4 $19 44. Kg1 Kg7) 44. Kg2 $17 Qd7 {[%emt 0:00:03] Hoping for ...Qc6.} 45. Kg1 Qc6 ({Black should try} 45... Kg7 $17 46. Qf3 h5 47. Qf6+ Kg8) 46. Qd4 $1 $11 Qf3 47. Qd7 Kg7 48. Qe7 {[%emt 0:01:11] Against Qa3} h6 49. Qd8 (49. c5 $11 {was the only way to keep the balance.}) 49... g5 (49... h5 $17 50. c5 h4 51. Qxh4 Qd1+ 52. Kh2 Qd2 53. Qf6+ Kg8) 50. Qe7 Kg6 51. Qd7 $2 (51. Qf8 $11 {and White stays safe.}) 51... Qe4 (51... h5 $1 $19 {[%cal Rh5h4] aiming for ...h4.} 52. Qe7 h4 53. gxh4 Qg4+ 54. Kf1 Qxc4+ 55. Kg2 Qg4+ 56. Kf1 Qd1+ 57. Kg2 Qd5+ 58. Kg1 Qxe5 59. h5+ Kg7 60. h6+ Kxh6 61. Qxf7 Qf5) 52. c5 $2 ({White should play} 52. Qe7 $1 $15 Qxe5 53. Qxb7) 52... Qf3 $2 (52... Qxe5 53. Qxb7 Qe1+ 54. Kg2 $11) (52... Qe1+ $19 53. Kg2 Qxa5) 53. Qd8 $1 $15 Kg7 {[%emt 0:00:45] Against Qg8+} 54. Qe7 Kg6 55. Qd8 $1 Kh5 (55... Kf5 $5 56. Qf6+ Ke4 57. Qxh6 g4 $17) 56. Qd4 (56. Qf8 $11) 56... Qd5 $17 57. Qb4 Kg6 (57... Qxe5 58. Qxb7 Kg6 59. Qxa6 Qe1+ 60. Kg2 Qe4+ 61. Kf1 $11) 58. Qb1+ Kg7 59. Qb6 Qd1+ 60. Kg2 {[%emt 0:00:27] [#]} Qd5+ (60... Qd7 $142 $1 61. Qd6 Qc6+ 62. Kg1 Qa4) 61. Kg1 $1 {[%emt 0:00:06] [#]} h5 $1 62. Qc7 (62. c6 $17 bxc6 63. Qxa6) 62... h4 $19 {[%emt 0:00:23] ( -> ...h3)} 63. Qe7 Qxe5 64. gxh4 Qe1+ 65. Kg2 Qe4+ ({Weaker is} 65... Qxa5 66. Qxg5+ Kh7 67. Qh5+ Kg8 68. Qg5+ Kf8 69. h5 $11) 66. f3 (66. Kf1 $142 Qc4+ 67. Ke1 Qc1+ 68. Ke2) 66... Qe2+ (66... Qxh4 67. Qxb7 g4 68. fxg4 $15) 67. Kg1 Qe1+ $2 ({Inferior is} 67... Qxf3 68. Qxg5+ Kh8 69. Qh6+ Kg8 70. Qg5+ Kf8 71. Qd8+ Kg7 72. Qg5+ Kh8 73. Qh6+ Kg8 74. Qg5+ Kh7 75. Qe7 $17) (67... Qe3+ $19 68. Kg2 gxh4 69. Qxb7 Qg5+ 70. Kf1 Qxc5 71. Qb2+ Kh7) 68. Kg2 $15 Qe2+ $2 ({Reject} 68... gxh4 69. Qg5+ Kf8 70. Qd8+ Kg7 71. Qg5+ Kh8 72. Qh5+ Kg8 73. Qg5+ Kh8 74. Qh5+ Kg8 75. Qg5+ Kf8 76. Qd8+ Kg7 77. Qg5+ $11) (68... Qd2+ $17 69. Kh3 gxh4 70. Qxb7 Qe1 71. Qb2+ e5 72. Qg2+ Kf6) 69. Kg1 $19 Qxf3 $2 (69... Qe3+ $19 70. Kg2 gxh4 71. Qxb7 Qg5+ 72. Kf1 Qc1+ 73. Kg2 Qxc5 74. Qb2+ Kg6 75. Qb1+ Qf5) 70. Qxg5+ $11 {[%emt 0:00:15] The position is equal.} Kh7 {[%emt 0:00:03] Threatens to win with ...f6.} 71. Qe7 $1 Qd1+ 72. Kh2 Qf3 73. Kg1 Qg4+ 74. Kh2 Qf4+ 75. Kg1 Qf5 76. Kh2 $1 Qe5+ 77. Kh3 Qc3+ 78. Kh2 Qc2+ 79. Kh3 Qb3+ 80. Kh2 Qa2+ 81. Kh3 Qb3+ 82. Kh2 Qc2+ 83. Kh3 Qf5+ 84. Kh2 Qf2+ 85. Kh3 Qf3+ 86. Kh2 Kg8 87. Qg5+ Kh8 88. Qh6+ Kg8 {[%emt 0:00:04] Strongly threatening ...Qf2+.} 89. Qg5+ Kh7 {[%emt 0:00:02] And now ...Qe2+ would win.} 90. Qe7 $1 {White happily takes the draw.  Weighted Error Value: White=0.27 (precise) /Black=0.22 (precise)} 1/2-1/2

[Event "Prague Festival Open 2022"]
[Site "Prague"]
[Date "2022.06.13"]
[Round "5.10"]
[White "Raja Harshit"]
[Black "Sokolovsky, Yahli"]
[Result "1-0"]
[ECO "C45"]
[WhiteElo "2479"]
[BlackElo "2369"]
[Annotator "TA"]
[PlyCount "41"]
[EventDate "2022.06.10"]
[EventType "swiss"]
[EventCountry "CZE"]
[SourceTitle "playchess.com"]
[Source "ChessBase"]
[SourceQuality "1"]
[TimeControl "40/5400+30:1800+30"]

1. e4 e5 2. Nf3 Nc6 3. d4 exd4 4. Nxd4 Qf6 5. Nf3 Bb4+ 6. c3 {[%emt 0:02:49] C45: Scotch Game.} Bc5 7. Bg5 Qg6 8. Nbd2 {[%emt 0:06:31] The position is equal.} Nf6 {[%emt 0:07:04] [#]} 9. Be2 $146 (9. Bd3 $5 ) ({Predecessor:} 9. Bc4 O-O 10. O-O Nxe4 11. Nxe4 Qxe4 12. Bd5 Qg6 13. Re1 d6 14. b4 Bb6 15. b5 {0-1 (83) Tari,A (2487)-Salgado Lopez,I (2628) Caleta 2015}) 9... Nxe4 10. Nxe4 Qxe4 11. O-O {[%emt 0:01:54] Re1 is the strong threat.} O-O 12. b4 {[%emt 0:06:29][%mdl 1024] White has compensation.} Bb6 (12... Bd6 $11 {might be stronger.}) 13. Re1 (13. Bd3 $14 Qg4 14. Re1) 13... d6 $2 {[%emt 0:16:45][%mdl 8192] Loses the game.} (13... Ne5 $11) 14. Bd3 $18 Qg4 15. Re4 {[%emt 0:01:04] Against Ne5} Qd7 {[%emt 0:00:19] [#]} 16. Rh4 $1 f5 $2 (16... h6 17. Qd2 d5 18. Bf6) (16... g6 17. Qd2 f6 18. Bc4+ d5 19. Bxd5+ (19. Qxd5+ Qxd5 20. Bxd5+ Kh8 $14) 19... Kh8) 17. Bc4+ Kh8 {[%emt 0:00:07] [#]} 18. Ne5 $1 Qe8 {[%emt 0:00:52] [#] Prevents Ng6+.} 19. Nf7+ $1 Rxf7 (19... Kg8 20. Nxd6+) 20. Qh5 {[%emt 0:00:05][%csl Gh4][%cal Rh5h7][%mdl 64] Pin, Double Attack} h6 21. Bxf7 {[%emt 0:01:02] Weighted Error Value: White=0.08 (flawless) /Black=1.03} (21. Bxh6 $142 Bxf2+ 22. Kxf2 Qe2+ 23. Kxe2 Nd4+ 24. cxd4 Rf6 25. Qe8+ Kh7 26. Qg8+ Kg6 27. Qxg7#) 1-0

[Event "Prague Festival Open 2022"]
[Site "Prague"]
[Date "2022.06.13"]
[Round "5.11"]
[White "Szpar, Milosz"]
[Black "Domalchuk-Jonasson, Aleksandr"]
[Result "0-1"]
[ECO "C02"]
[WhiteElo "2434"]
[BlackElo "2190"]
[Annotator "TA"]
[PlyCount "78"]
[EventDate "2022.06.10"]
[EventType "swiss"]
[EventCountry "CZE"]
[SourceTitle "playchess.com"]
[Source "ChessBase"]
[SourceQuality "1"]
[TimeControl "40/5400+30:1800+30"]

1. e4 e6 2. d4 d5 3. e5 c5 4. c3 Nc6 5. Nf3 Nge7 6. Bd3 Nf5 7. Bxf5 exf5 8. dxc5 {[%emt 0:00:22] C02: French: Advance Variation.} Bxc5 9. Nbd2 {[%emt 0:01:22] [#]} h6 $146 ({Predecessor:} 9... O-O 10. Nb3 Be7 11. O-O Be6 12. Re1 Rc8 13. Nfd4 Nxd4 14. Nxd4 Qd7 15. Qh5 Rfe8 {½-½ (27) Salmensuu,O (2280)-Keskisarja,T (2255) Helsinki 1996}) 10. Nb3 {[%emt 0:04:23] The position is equal.} Be7 11. O-O g5 12. Nfd4 f4 13. Qe2 Nxd4 14. Nxd4 Qb6 15. Qb5+ Qxb5 16. Nxb5 Kd7 {[%emt 0:04:38] Against Nc7} 17. g3 Bc5 18. b4 a6 19. Na3 Ba7 20. gxf4 {[%emt 0:00:59] Black converts the advantage convincingly.} gxf4 21. Bxf4 Rg8+ 22. Kh1 Ke7 {[%emt 0:01:07][%mdl 1024] ...Bg4 is the strong threat. Black has strong compensation.} 23. Bg3 Bh3 24. Rfe1 h5 25. Rad1 (25. c4 $17) 25... Rac8 $19 26. Nc2 $2 (26. Rd3 {was worth a try.} Ke6 27. Rf3) 26... Bg4 {[%emt 0:07:53] Hoping for ...Bf3+. A strong pair of Bishops.} ({Not} 26... Rxc3 $2 27. Rd2 $19) 27. Rd3 {[%emt 0:02:36] Prevents Bf3+.} ({Much weaker is} 27. Bh4+ Kf8 28. Rd3 Bf5 29. Rxd5 Bxc2 $19) 27... Bf5 {[%emt 0:00:05][%mdl 64] [#] Skewer} 28. Bh4+ Ke6 29. Nd4+ Bxd4 30. Rxd4 Be4+ 31. Rexe4 dxe4 {[%emt 0:00:04][%mdl 4096] Endgame KRR-KRB} 32. Bg3 Rxc3 {[%emt 0:02:06] [#] Threatens to win with ...Rc1+.} 33. Rd6+ Ke7 {[%emt 0:00:04] White must now prevent ...Rc1+.} 34. Bh4+ Kf8 {[%emt 0:00:34] ( -> ...Rc1+)} 35. Rd1 {[%emt 0:01:06] Against Rc1} Kg7 36. Bf6+ Kh7 {[%emt 0:00:11] Black is clearly winning.} 37. e6 Rd3 38. Rxd3 (38. Re1 $142 fxe6 39. Be7) 38... exd3 39. exf7 d2 {[%emt 0:00:27] Weighted Error Value: White=0.51/Black=0.09 (flawless)} 0-1

[Event "Prague Festival Open 2022"]
[Site "Prague"]
[Date "2022.06.13"]
[Round "5.12"]
[White "Wagner, Dennis"]
[Black "Boehme, Markus"]
[Result "1/2-1/2"]
[ECO "D31"]
[WhiteElo "2586"]
[BlackElo "2120"]
[Annotator "TA"]
[PlyCount "119"]
[EventDate "2022.06.10"]
[EventType "swiss"]
[EventCountry "CZE"]
[SourceTitle "playchess.com"]
[Source "ChessBase"]
[SourceQuality "1"]
[TimeControl "40/5400+30:1800+30"]

1. d4 d5 2. c4 e6 3. Nc3 a6 4. cxd5 exd5 5. Bf4 Nf6 6. e3 {[%emt 0:00:28] D31: Queen's Gambit Declined: Semi-Slav without ...Nf6 (+ Marshall Gambit and Noteboom) and Exchange Variation lines without ...Nf6.} Bd6 7. Bg5 c6 8. Bd3 O-O {[%emt 0:01:31] 8...Nbd7 gains popularity.} 9. Qc2 {[%emt 0:04:27][%cal Od3h7] And now Bxh7+! would win.} h6 10. Bh4 Re8 11. Nge2 a5 12. h3 Na6 13. a3 {[%emt 0:00:18] Against Nb4} Nc7 14. O-O {[%emt 0:00:25] [#]} Be7 $146 ({Predecessor (10):} 14... Ne6 15. f4 Be7 16. Ng3 g5 17. fxg5 hxg5 18. Nf5 gxh4 19. Qf2 Ng7 20. Nh6+ Kf8 21. e4 dxe4 22. Nxe4 {0-1 (29) Dubov,D (2702)-Xiong,J (2688) Chess.com INT 2022}) 15. f3 c5 16. b3 {[%emt 0:14:32] Inhibits c4.} b6 17. Bf2 Ne6 18. Bb5 Bd7 {[%emt 0:00:58] Against Bc6} 19. Rfd1 Bxb5 20. Nxb5 Rc8 21. Qd3 Qd7 22. a4 Red8 23. Bg3 Qb7 24. Kh1 Qd7 25. Be5 Ne8 26. Nec3 cxd4 27. Nxd4 Bf6 28. Bg3 Nxd4 29. exd4 Nc7 30. Re1 Ne6 31. Nb5 Rc6 32. Re2 Rdc8 33. Rae1 Rc1 {[%emt 0:01:20] The position is equal.} 34. Kh2 Rxe1 35. Rxe1 Rc6 36. Qf5 Qd8 37. Re2 Nxd4 38. Nxd4 Bxd4 39. Rd2 $1 Rf6 40. Qd3 Bc5 41. Qxd5 Qxd5 42. Rxd5 $11 {[%emt 0:00:00][%mdl 4096] Endgame KRB-KRB} Re6 43. Re5 Rc6 44. h4 Bd6 45. Rd5 Bxg3+ 46. Kxg3 {[%emt 0:00:00] KR-KR} Kf8 47. Kf4 Ke7 48. g4 g6 49. Re5+ Re6 50. g5 hxg5+ 51. hxg5 Kd6 52. Rb5 Kc6 53. Re5 {[%emt 0:02:32] [#] White wants to mate with Rxe6+.} Kd6 54. Rb5 Kc6 55. b4 axb4 56. Rxb4 Kc5 57. Rb5+ Kc6 58. Re5 {[%emt 0:00:43] [#] White threatens Rxe6+ and mate.} Kd6 59. Rb5 Kc6 60. Re5 {[%emt 0:00:44] Weighted Error Value: White=0.04 (flawless) /Black=0.04 (flawless)} 1/2-1/2